 Dungeon Crawl Stone Soup version 0.19.5 (webtiles) character file.

239 Gargoyl the Skirmisher (level 6, -1/53 HPs)
             Began as a Ghoul Abyssal Knight on Apr 14, 2017.
             Was a Believer of Lugonu.
             Slain by Menkaure (15 damage)
             ... on level 3 of the Dungeon.
             The game lasted 00:07:04 (3096 turns).

Gargoyl the Skirmisher (Ghoul Abyssal Knight)       Turns: 3096, Time: 00:07:04

Health: -1/53      AC: 10    Str: 21    XL:     6   Next: 7%
Magic:  7/7        EV:  8    Int:  7    God:    Lugonu [**....]
Gold:   186        SH:  0    Dex: 10    Spells: 0 memorised, 5 levels left

rFire  + . .     SeeInvis .     a - +1 hand axe
rCold  . . .     Gourm    .     e - +0 chain mail
rNeg   + + +     Faith    .     (no shield)
rPois  ∞         Spirit   .     l - +0 helmet
rElec  .         Reflect  .     (no cloak)
rCorr  .         Harm     .     (no gloves)
MR     .....                    (no boots)
Stlth  ..........               (no amulet)
                                u - +5 ring of strength
                                m - ring of fire

@: rotting
A: rotting body, claws 1, carnivore 3, cold resistance 1, negative energy
resistance 3, slow regeneration 1, torment resistance, unbreathing
a: Depart the Abyss, Bend Space, Renounce Religion


You were on level 3 of the Dungeon.
You worshipped Lugonu.
Lugonu was pleased with you.
You were not hungry.

You visited 1 branch of the dungeon, and saw 5 of its levels.
You visited the Abyss 1 time.

You collected 186 gold pieces.

Inventory:

Hand Weapons
 a - a +1 hand axe (weapon)
 q - a +0 spear
Armour
 e - a +0 chain mail (worn)
 l - a +0 helmet (worn)
Jewellery
 m - a ring of fire (left claw)
 u - a +5 ring of strength (right claw)
 y - a cursed amulet of inaccuracy {unknown}
Wands
 h - a wand of polymorph (24/24)
 w - a wand of enslavement (10/24)
Scrolls
 b - 4 scrolls of remove curse
 j - 5 scrolls of identify
 v - 3 scrolls of enchant armour {unknown}
 x - a scroll of random uselessness {unknown}
Potions
 d - a potion of berserk rage
 f - a potion of lignification {unknown}
 g - a potion of degeneration {unknown}
 i - a potion of haste
 k - a potion of resistance {unknown}
 n - a potion of ambrosia {unknown}
 p - a potion of brilliance
 r - a potion of magic {unknown}
 s - a potion of might {unknown}
 t - a potion of curing {unknown}
Comestibles
 c - 2 meat rations
 o - a slice of pizza
 z - 5 chunks of flesh


   Skills:
 + Level 4.5 Fighting
 + Level 3.0 Axes
 * Level 3.2 Armour
 + Level 1.3 Dodging
 * Level 3.4 Invocations


You had 5 spell levels left.
You didn't know any spells.

Dungeon Overview and Level Annotations

Branches:
Dungeon (5/15)
 Temple: D:4-7

Altars:
Fedhas
Nemelex Xobeh

Annotations:
D:3 Menkaure


Innate Abilities, Weirdness & Mutations

Your body is rotting away.
You thrive on raw meat.
You are immune to poison.
You have sharp fingernails.
You are carnivorous and can eat meat at any time.
Your flesh is cold resistant. (rC+)
You are immune to negative energy. (rN+++)
You regenerate slowly when monsters are visible.
You are immune to unholy pain and torment.
You can survive without breathing.


Message History

You climb upwards.
There is a stone staircase leading down here.
You slash Menkaure!
Menkaure is moderately damaged.
Menkaure barely misses you.
You hit Menkaure.
Menkaure is heavily damaged.
Menkaure barely misses you.
You hit Menkaure.
Menkaure is severely damaged.
Menkaure hits you! Menkaure barely misses you.
You slash Menkaure!
Menkaure is almost destroyed.
Menkaure whispers in an indecipherable tongue.
Menkaure hits you.
* * * LOW HITPOINT WARNING * * *
Eat one of 5 chunks of flesh? (ye/n/q)
You start eating one of the 5 chunks of flesh.
Menkaure hits you!
You die...

''##########%...........#
..........##...)....(..[#####
..........##^..)............#
..........##............###.#
..........##............# #.#
####.#######.##.........# #%#
#.# #.###........# #.# #.#
#...#M.......# #.# #.#
###.#@#.###### #.# #.#
#.#)#.# #.# #.# #.#.#.# #.#
#.# #.###.# #.# #.# #.# #.#
#.# #.# #.# #.# #.# #.# #.#
#.# #.# #.# #.# #.# #.# #.#
#.# #.# #.#


You could see Menkaure.

Vanquished Creatures
  An ogre (D:4)
  A hound (D:4)
  2 gnolls
  4 adders
  A dart slug (D:2)
  2 leopard geckos (D:1)
  8 orcs
  A ball python (D:4)
  3 giant cockroaches
  10 hobgoblins
  4 jackals
  A quokka (D:2)
  6 bats
  4 frilled lizards
  A goblin (D:3)
  6 kobolds
  A leopard gecko skeleton (D:4)
  11 rats
67 creatures vanquished.

Notes
Turn   | Place    | Note
-------+----------+-------------------------------------------
     0 | Abyss:1  | Gargoyl the Ghoul Abyssal Knight began the quest for the Orb.
     0 | Abyss:1  | Reached XP level 1. HP: 19/19 MP: 1/1
   138 | Abyss:2  | Noticed a wretched star
   139 | D:1      | Escaped the Abyss
   336 | D:1      | Reached * piety under Lugonu
   367 | D:1      | Reached XP level 2. HP: 26/26 MP: 2/2
   864 | D:1      | Reached XP level 3. HP: 33/33 MP: 3/3
  1365 | D:2      | Reached skill level 4 in Fighting
  1483 | D:2      | Reached ** piety under Lugonu
  1632 | D:3      | Reached XP level 4. HP: 40/40 MP: 5/5
  1835 | D:3      | Reached skill level 1 in Dodging
  1972 | D:3      | Found a sparkling altar of Nemelex Xobeh.
  2395 | D:4      | Reached XP level 5. HP: 46/47 MP: 6/6
  2550 | D:4      | Noticed an ogre
  2562 | D:4      | Killed an ogre
  2612 | D:4      | Found a blossoming altar of Fedhas.
  2788 | D:5      | Entered Level 5 of the Dungeon
  3042 | D:4      | Noticed Menkaure
  3072 | D:3      | Reached XP level 6. HP: 46/53 MP: 7/7
  3096 | D:3      | Slain by Menkaure

Skill      XL: |  1  2  3  4  5 |
---------------+----------------+-----
Armour         | 2 3 |  3.2
Axes           | 2 3 |  3.0
Fighting       | 4 |  4.5
Dodging        | 1 |  1.3
Invocations    | 3 |  3.4

Action                   |  1- 3 |  4- 6 || total
-------------------------+-------+-------++-------
Melee: Hand axe          |   145 |   117 ||   262
Invok: Depart the Abyss  |     1 |       ||     1
  Use: Scroll            |     5 |     4 ||     9
  Eat: Chunk             |     8 |    18 ||    26
Armor: Chain mail        |   120 |    83 ||   203
Dodge: Dodged            |    64 |    65 ||   129
